Map: [ESL] Crimson Court

Players

Bly

  • Race: Zerg Zerg
  • Spawn Location: 1:00

Wayne - Winner!

  • Race: Zerg Zerg
  • Spawn Location: 7:00

Event: ESL SC2 Masters 2024 Spring (Regional)

VOD

Have the link to the VOD?

Description

Time

  • Played on: April 27, 2024, 12:15 p.m.
  • Length: 6:46

All games in this series

Show
View Real Time Build Order
Export as new Build Order

Bly Zerg 

Build Orders: Pool First 

Get SALT Encoding   

  12  0:00  Drone  
  13  0:11  Overlord  
  13  0:16  Drone  
  14  0:30  Drone x2  
  16  0:40  Spawning Pool  
  15  0:44  Drone  
  15  0:47  Drone  
  17  1:08  Hatchery  
  16  1:14  Drone  
  17  1:27  Zergling x4  
  17  1:28  Zergling x2, Extractor  
  17  1:31  Queen  
  21  1:39  Overlord  
  21  1:49  Drone  
  22  2:00  Drone  
  23  2:06  Queen  
  25  2:11  Drone  
  26  2:21  Drone x2  
  28  2:32  Drone  
  28  2:33  Queen  
  29  2:38  Drone x2  
  29  2:39  Drone x2  
  33  2:45  Drone  
  33  2:46  Overlord  
  34  2:52  Lair  
  34  2:57  Overlord  
  34  3:03  Drone  
  35  3:07  Drone x2  
  37  3:14  Drone x3  
  40  3:26  Drone x4  
  44  3:27  Roach Warren  
  44  3:31  Evolution Chamber  
  42  3:35  Drone x2  
  44  3:45  Evolution Chamber  
  43  3:49  Drone  
  43  3:50  Drone x6  
  43  3:52  Extractor  
  43  3:53  Extractor x2  
  46  3:58  Zerg Missile Weapons Level 1  
  46  4:02  Overlord  
  46  4:08  Glial Reconstitution  
  46  4:12  Hatchery  
  45  4:21  Drone x3  
  48  4:26  Drone  
  48  4:27  Drone x3  
  48  4:28  Overlord  
  52  4:38  Overseer  
  52  4:40  Overlord x2  
  52  4:42  Roach x2  
  56  4:49  Roach  
  58  4:55  Roach x4  
  66  5:02  Roach x3  
  72  5:07  Ravager  
  72  5:08  Evolution Chamber, Ravager  
  72  5:09  Roach  
  72  5:13  Roach  
  77  5:20  Roach x3  
  83  5:22  Overlord  
  83  5:25  Ravager  
  83  5:26  Overlord  
  84  5:32  Overlord  
  84  5:36  Roach Warren  
  84  5:39  Roach x2  
  84  5:42  Roach  
  89  5:51  Zergling x12  
  95  6:01  Overlord  
  95  6:16  Roach x4  
  103  6:20  Roach x3  
  94  6:27  Roach  
Show
View Real Time Build Order
Export as new Build Order

Wayne Zerg - Winner!

Build Orders: Hatch First 

Get SALT Encoding   

  12  0:00  Drone  
  13  0:12  Overlord  
  13  0:16  Drone  
  14  0:30  Drone x2  
  16  0:47  Hatchery  
  15  0:50  Drone  
  15  0:54  Drone  
  17  1:07  Spawning Pool  
  17  1:11  Drone  
  17  1:12  Extractor  
  17  1:15  Drone  
  17  1:19  Drone  
  18  1:28  Drone  
  19  1:39  Drone  
  20  1:49  Overlord  
  20  1:53  Queen  
  22  1:59  Queen  
  22  2:00  Zergling x4  
  26  2:10  Zergling x2  
  26  2:11  Zergling x2  
  26  2:14  Metabolic Boost  
  29  2:22  Drone  
  29  2:23  Drone  
  30  2:34  Drone x2  
  31  2:41  Overlord  
  31  2:42  Drone  
  32  2:57  Drone  
  33  3:00  Drone  
  33  3:04  Hatchery  
  33  3:08  Drone x3  
  33  3:11  Drone x2  
  38  3:16  Drone  
  38  3:18  Drone  
  40  3:24  Queen  
  42  3:27  Overlord  
  42  3:32  Evolution Chamber, Drone  
  42  3:33  Drone  
  43  3:37  Drone  
  44  3:47  Drone  
  44  3:48  Drone x2  
  47  3:49  Drone  
  47  3:50  Drone  
  47  3:53  Roach Warren  
  48  3:57  Zerg Ground Armor Level 1  
  48  4:00  Drone  
  49  4:04  Overlord  
  49  4:07  Unknown  
  47  4:12  Overlord  
  47  4:18  Overlord  
  47  4:26  Overlord  
  47  4:34  Roach x3  
  47  4:35  Roach  
  47  4:36  Roach, Zergling x2  
  47  4:37  Zergling x8  
  63  4:45  Zergling x10  
  63  4:50  Zergling x2  
  63  4:51  Zergling x6  
  71  4:55  Overlord  
  71  4:58  Zergling x2  
  72  5:00  Ravager x2  
  72  5:02  Overlord  
  72  5:03  Ravager  
  72  5:05  Zergling x8  
  79  5:09  Zergling x2  
  80  5:15  Zergling x2, Ravager  
  80  5:16  Zergling x10  
  87  5:23  Ravager  
  87  5:25  Zergling x2  
  87  5:26  Zergling x6  
  92  5:29  Overlord  
  92  5:36  Zergling x8  
  92  5:37  Zergling x2  
  92  5:42  Zergling x2  
  98  5:45  Zergling x2  
  98  5:46  Zergling x8  
  103  5:58  Zergling x6  
  105  6:06  Zergling x6  
  106  6:18  Zergling x14  
Tags
 
Add a new tag
Caveats
  • Supply blocks, unpowered buildings, or Contaminate may cause inaccurate times.
  • Supply counts are checked every 10 seconds.